AoeStats
← Koti

Black Forest

510637531Analyzed
4v4 RM · 16h ago on Oct 1, 2026· 39m 30s· 8 players
Game mode
Random Map
Map size
Large (8 player)
Population
200
Speed
Normal
Resources
Standard
Victory
Conquest
Starting age
Dark Age
Ending age
Imperial Age
RankedLock teamsTeams togetherTeam positionsShared explorationLock speedFull tech treeHidden civsTurbo modeCheats
Victory
Defeat
🇫🇷 Lithuanians · France
1543
+11
🇹🇷 Turks · Türkiye
1534
+11
🇮🇪 Malians · Ireland
1432
+15
🇮🇳 Malay · India
1390
+16
🇺🇸 Bulgarians · United States
1482
-16
🇲🇽 Maya · Mexico
1411
-13
🇪🇨 Khmer · Ecuador
1387
-12
🇨🇳 Spanish · China
1372
-12
Chiripa605
0:49 Loom
10:27 Feudal Age
10:57 Town Watch
12:52 Double-Bit Axe
15:50 Horse Collar
17:23 Bloodlines
23:56 Castle Age
30:59 Imperial Age
28:46 Fletching
Niccals_
0:30 Loom
11:05 Feudal Age
11:37 Double-Bit Axe
25:58 Castle Age
24:14 Fishing Lines
30:44 Imperial Age
28:50 Wheelbarrow
28:27 Bow Saw
27:58 Horse Collar
28:12 Stone Mining
29:30 Fletching
30:02 Ballistics
29:54 Masonry
30:22 Crossbowman
31:08 Bodkin Arrow
31:14 Padded Archer Armor
31:34 Thumb Ring
31:22 Arbalester
32:24 Conscription
33:37 Bracer
36:31 Chemistry
37:24 Forging
37:14 Scale Mail Armor
37:30 Leather Archer Armor
37:47 Architecture
39:39 Chain Mail Armor
40:01 Iron Casting
AdrianJPG
2:18 Loom
18:55 Feudal Age
24:35 Castle Age
23:37 Fishing Lines
25:32 Wheelbarrow
25:36 Double-Bit Axe
26:04 Gillnets
26:45 Bow Saw
34:36 Fletching
35:57 Fortified Wall
38:27 Imperial Age
36:42 Hand Cart
37:00 Bodkin Arrow
37:05 Padded Archer Armor
37:28 Ballistics
37:10 Gold Mining
37:15 Crossbowman
38:32 Arbalester
帝国新手
6:50 Loom
12:14 Feudal Age
15:34 Double-Bit Axe
20:49 Castle Age
18:58 Horse Collar
19:10 Stone Mining
19:12 Gold Mining
20:39 Fishing Lines
24:25 Wheelbarrow
24:41 Bow Saw
24:48 Gillnets
27:09 Heavy Plow
33:03 Imperial Age
31:04 Bloodlines
30:54 Husbandry
32:42 Stone Shaft Mining
32:23 Scale Barding Armor
33:09 Hand Cart
33:24 Squires
32:44 Pikeman
33:46 Chain Barding Armor
33:27 Scale Mail Armor
34:52 Chemistry
34:02 Halberdier
34:58 Chain Mail Armor
35:33 Forging
36:40 Two-Man Saw
36:31 Iron Casting
37:07 Plate Mail Armor
38:26 Hoardings
38:27 Ballistics
38:28 Bombard Tower
40:06 Blast Furnace
Madbun
0:53 Loom
18:21 Feudal Age
20:20 Double-Bit Axe
21:41 Wheelbarrow
25:00 Castle Age
23:05 Stone Mining
24:08 Fishing Lines
26:05 Town Watch
26:59 Wheelbarrow
27:30 Bow Saw
30:50 Gillnets
38:03 Imperial Age
35:50 Pikeman
36:31 Squires
39:49 Scale Mail Armor
39:59 Forging
Koti
5:06 Loom
11:38 Feudal Age
12:51 Double-Bit Axe
15:26 Castle Age
13:20 Fishing Lines
16:39 Bow Saw
17:57 Town Watch
23:58 Wheelbarrow
24:05 Wheelbarrow
25:30 Hand Cart
25:07 Gold Mining
25:07 Stone Mining
25:14 Stone Mining
25:56 Gillnets
27:00 Stone Shaft Mining
26:06 Horse Collar
30:09 Imperial Age
27:55 Scale Barding Armor
28:00 Forging
28:17 Caravan
29:27 Heavy Plow
30:17 Chain Barding Armor
30:34 Iron Casting
30:16 Bloodlines
30:06 Husbandry
30:15 Elite Leitis
31:16 Conscription
32:34 Two-Man Saw
32:52 Chemistry
31:36 Elite Leitis
33:19 Plate Barding Armor
32:08 Light Cavalry
32:54 Fletching
33:26 Ballistics
33:17 Masonry
33:45 Treadmill Crane
34:41 Bodkin Arrow
34:55 Onager
36:12 Coinage
35:52 Guilds
36:17 Bracer
Mystogan
12:12 Feudal Age
10:28 Loom
12:12 Double-Bit Axe
12:20 Fishing Lines
19:42 Castle Age
19:38 Medium Warships
21:24 Bow Saw
21:39 Horse Collar
22:00 Gillnets
24:58 Heavy Plow
24:58 Gold Mining
24:58 Stone Mining
25:48 Wheelbarrow
24:58 Town Watch
28:34 Hand Cart
29:11 Gold Shaft Mining
31:46 Imperial Age
29:50 Town Patrol
31:57 Crop Rotation
32:07 Stone Shaft Mining
32:48 Chemistry
31:54 Scale Barding Armor
32:01 Forging
33:14 Conscription
33:09 Elite Battle Elephant
33:50 Husbandry
34:29 Iron Casting
34:38 Crop Rotation
34:14 Light Cavalry
36:10 Blast Furnace
36:21 Coinage
36:28 Onager
37:35 Fletching
LonzoWall
6:05 Loom
9:38 Feudal Age
10:09 Double-Bit Axe
17:12 Castle Age
17:16 Man-at-Arms
24:11 Fishing Lines
26:33 Gillnets
33:02 Imperial Age
31:29 Fletching
32:56 Bodkin Arrow
36:48 Bracer
37:53 Gold Mining
Connection lost

Rejoining the realm…

Still unreachable

The connection could not be restored.

Session expired

The server has moved on; the page needs a fresh start.